 Dungeon Crawl Stone Soup version 0.30-a0-393-g54b8e3be05 (webtiles) character file.

Game seed: 15936684362476664840

3729 retardedninja the Cleaver (level 10, -1/121 (136) HPs)
             Began as a Hill Orc Fighter on Dec 5, 2022.
             Was a Priest of Okawaru.
             Slain by a wight
             ... wielding a +3 halberd
              (4 damage)
             ... on level 7 of the Dungeon.
             The game lasted 00:09:11 (7957 turns).

retardedninja the Cleaver (Hill Orc Fighter)        Turns: 7957, Time: 00:09:12

HP:   -1/121 (136)  AC: 18    Str: 24    XL:     10   Next: 14%
MP:   19/19         EV:  8    Int:  8    God:    Okawaru [***...]
Gold: 1275          SH:  5    Dex: 10    Spells: 9/9 levels left

rFire   + . .      SeeInvis .    v - +9 war axe "Otobaw" {elec, MP+9}
rCold   . . .      Faith    .    c - +0 buckler
rNeg    . . .      Spirit   .    u - +0 chain mail
rPois   .          Reflect  .    n - +0 helmet
rElec   .          Harm     .    z - +0 cloak
rCorr   .          Rampage  .    k - +0 pair of gloves
Will    .....                    i - +2 pair of boots {Fly}
Stlth   ..........               (no amulet)
HPRegen 0.40/turn                l - ring of protection from fire
MPRegen 0.16/turn                (no ring)

@: berserking, flying, heavily drained, very quick
A: no striking features
a: Renounce Religion, Heroism


You were on level 7 of the Dungeon.
You worshipped Okawaru.
Okawaru was most pleased with you.
You visited 2 branches of the dungeon, and saw 8 of its levels.

You collected 1275 gold pieces.

Inventory:

Hand Weapons
 a - a +0 war axe
 v - the +9 war axe "Otobaw" (weapon) {elec, MP+9}
   (You found it on level 3 of the Dungeon)

   It occasionally discharges a powerful burst of electricity upon striking a
   foe.
   MP:        It affects your magic capacity (+9).
Missiles
 t - 2 javelins (quivered)
Armour
 c - a +0 buckler (worn)
 i - a +2 pair of boots of flying (worn)
 k - a +0 pair of gloves (worn)
 n - a +0 helmet (worn)
 u - a +0 chain mail (worn)
 z - a +0 cloak (worn)
Jewellery
 l - a ring of protection from fire (left hand)
 y - a ring of ice
 G - a ring of resist corrosion
Scrolls
 e - a scroll of blinking
 o - 2 scrolls of magic mapping {unknown}
 q - a scroll of fog {unknown}
 r - 2 scrolls of teleportation
 w - 2 scrolls of fear
 A - a scroll of enchant weapon {unknown}
 B - a scroll of amnesia {unknown}
 C - 3 scrolls of immolation {unknown}
 D - a scroll of summoning {unknown}
 F - a scroll of enchant armour {unknown}
 H - a scroll of noise {unknown}
Potions
 b - 3 potions of degeneration {unknown}
 d - 2 potions of might
 f - a potion of heal wounds {unknown}
 g - 2 potions of magic
 h - a potion of haste
 j - a potion of resistance
 m - 3 potions of flight
 s - 5 potions of curing
 x - a potion of attraction {unknown}
 E - 3 potions of mutation {unknown}


   Skills:
 + Level 9.3 Fighting
 + Level 9.7 Axes
 + Level 8.5 Armour
 + Level 8.5 Shields


You had 9 spell levels left.
You didn't know any spells.
Your spell library contained the following spells:

 Spells                   Type           Power      Damage    Failure   Level
 Foxfire                  Conj/Fire      0%         2x1d4     97%         1
 Freeze                   Ice            0%         1d3       97%         1
 Frozen Ramparts          Ice            0%         1d1       100%        3
 Hailstorm                Conj/Ice       0%         3d3       100%        3
 Kindle Blastsparks       Fire/Tloc/Air  0%         2d10      100%        3
 Fulminant Prism          Conj/Hex       0%         3d5       100%        4
 Iskenderun's Mystic Bla  Conj/Tloc      0%         2d3       100%        4
 Fireball                 Conj/Fire      0%         3d3       100%        5
 Lee's Rapid Deconstruct  Erth           0%         3d4*      100%        5
 Starburst                Conj/Fire      0%         6d3       100%        6


Dungeon Overview and Level Annotations

Branches:
Dungeon (7/15)             Temple (1/1) D:4

Altars:
Cheibriados
Dithmenos
Elyvilon
Hepliaklqana
Kikubaaqudgha
Makhleb
Nemelex Xobeh
Okawaru
Ru
Sif Muna
Trog
Uskayaw
Vehumet
Wu Jian
Xom
Yredelemnul
Zin
The Shining One


Message History

The wight hits you but does no damage.
You closely miss the wight.
The wight is lightly damaged.
The wight hits you from afar with a +3 halberd.
The wight hits you with a +0 halberd.
You feel drained.
You barely miss the wight.
The wight is lightly damaged.
You block the wight's attack. The wight hits you with a +0 halberd!
You slash the wight!
The wight is severely damaged.
The wight hits you from afar with a +3 halberd!
You feel drained. The wight hits you with a +0 halberd.
You slash the wight! Lightning courses through the wight!!
You destroy the wight!
Okawaru accepts your kill. The wight closely misses you.
The wight hits you with a +3 halberd!
You feel drained.
Things that are here:
a +0 great sword; a +0 robe You are too injured to fight recklessly!
You are too injured to fight recklessly!
You are too injured to fight recklessly!
You are too injured to fight recklessly!
You are too injured to fight recklessly!
You hit the wight but do no damage. The wight hits you with a +3 halberd!
* * * LOW HITPOINT WARNING * * *
The wight hits you with a +3 halberd!
* * * LOW HITPOINT WARNING * * *
You feel drained.
* * * LOW HITPOINT WARNING * * *
You slash the wight!
The wight is severely damaged.
The wight hits you with a +3 halberd!
* * * LOW HITPOINT WARNING * * *
You feel drained.
* * * LOW HITPOINT WARNING * * *
A red film seems to cover your vision as you go berserk!
You feel yourself moving faster!
You feel mighty! The wight hits you with a +3 halberd.
You die...

...........#####.....#.
#..................#.
#.............(....#.
#.............###'##.
#.............#...#..
#.............#...#..
+.............#...'..
#....)........#######
##..@).#####+###..###
#...z.#.......#....#
#.....#.......#....#
#.....#.......#....#
#.....#.......#....#
#.....#.......#....#
#.....#.......#....'
#.....##....<......#
#############


You could see a wight.

Vanquished Creatures
  Pikel (D:6)
  A cyclops (D:7)
  Sigmund (D:4)
  A wraith (D:6)
  Eustachio (D:4)
  Edmund (D:5)
  A water moccasin (D:7)
  An ice beast (D:6)
  2 orc warriors (D:6)
  A centaur (D:7)
  2 lemures (D:6)
  A phantom (D:6)
  Blork the orc (D:5)
  A kobold brigand (D:5)
  A bullfrog (D:6)
  4 scorpions
  3 wights (D:7)
  6 killer bees (D:7)
  4 hounds
  3 orc priests
  2 jellies
  Crazy Yiuf (D:3)
  8 iguanas
  11 orc wizards
  Ijyb (D:4)
  Natasha (D:4)
  5 adders
  2 shadow imps
  An ufetubus (D:6)
  2 worms (D:2)
  2 dart slugs
  17 orcs
  8 ball pythons
  6 endoplasms
  3 giant cockroaches
  6 goblins
  6 hobgoblins
  5 jackals
  10 kobolds
  3 quokkas (D:1)
  7 bats
  2 frilled lizards
  7 rats
153 creatures vanquished.

Vanquished Creatures (others)
  4 fungi (D:1)
4 creatures vanquished.

Grand Total: 157 creatures vanquished

Notes
Turn   | Place    | Note
-------+----------+-------------------------------------------
     0 | D:1      | retardedninja the Hill Orc Fighter began the quest for the
                  | Orb.
     0 | D:1      | Reached XP level 1. HP: 19/19 MP: 1/1
   104 | D:1      | Reached XP level 2. HP: 27/27 MP: 2/2
   347 | D:1      | Found a faded altar of an unknown god.
   797 | D:1      | Reached XP level 3. HP: 33/33 MP: 3/3
  1236 | D:2      | Reached XP level 4. HP: 37/40 MP: 4/4
  1696 | D:3      | Identified the +9 war axe "Otobaw" {elec, MP+9}
  2173 | D:3      | Found a runed translucent door.
  2174 | D:3      | Noticed Crazy Yiuf
  2253 | D:3      | Killed Crazy Yiuf
  2254 | D:3      | Reached XP level 5. HP: 24/47 MP: 5/5
  2661 | D:4      | Noticed Natasha
  2662 | D:4      | Killed Natasha
  2909 | D:4      | Reached skill level 5 in Fighting
  2909 | D:4      | Reached XP level 6. HP: 46/56 MP: 6/6
  3017 | D:4      | Noticed Ijyb
  3045 | D:4      | Killed Ijyb
  3184 | D:4      | Noticed Sigmund
  3188 | D:4      | Killed Sigmund
  3189 | D:4      | Reached skill level 5 in Axes
  3189 | D:4      | Reached skill level 5 in Armour
  3189 | D:4      | Reached skill level 5 in Shields
  3189 | D:4      | Reached XP level 7. HP: 61/61 MP: 7/7
  3308 | D:4      | Found a staircase to the Ecumenical Temple.
  3428 | D:4      | Noticed Eustachio
  3441 | D:4      | Killed Eustachio
  4184 | Temple   | Entered the Ecumenical Temple
  4303 | Temple   | Became a worshipper of Warmaster Okawaru
  4481 | D:4      | Identified 2 scrolls of acquirement
  4481 | D:4      | Acquired a +2 pair of boots of flying
  4483 | D:4      | Acquired 787 gold pieces
  4721 | D:5      | Entered Level 5 of the Dungeon
  4726 | D:5      | Noticed Blork the orc
  4733 | D:5      | Killed Blork the orc
  4741 | D:5      | Reached XP level 8. HP: 67/69 MP: 8/8
  4956 | D:5      | Noticed Edmund
  4966 | D:5      | Killed Edmund
  4966 | D:5      | Reached * piety under Okawaru
  5678 | D:6      | Noticed a wraith
  5687 | D:6      | Killed a wraith
  5688 | D:6      | Reached XP level 9. HP: 45/79 MP: 9/9
  6188 | D:6      | Reached ** piety under Okawaru
  6895 | D:6      | Noticed Pikel
  6907 | D:6      | Killed Pikel
  7480 | D:7      | Reached *** piety under Okawaru
  7599 | D:7      | Noticed a cyclops
  7607 | D:7      | Killed a cyclops
  7608 | D:7      | Reached XP level 10. HP: 74/91 MP: 10/10
  7956 | D:7      | HP: 2/83 [wight/+3 halberd (8)]
  7957 | D:7      | Slain by a wight

Illustrated notes

Levels and vault maps discovered:
D:1:      ebering_trefoil_twist, layout_basic,
          nicolae_ecumenical_snake_handling, dreamdust_mushroom_princess,
          eino_curves_01
D:2:      layout_loops_ring, minmay_heptomino_h4
D:3:      layout_rooms, uniq_crazy_yiuf_cottage
D:4:      layout_layer_cave, minmay_temple_entry_offerings, minivault_23,
          uniq_ijyb, uniq_sigmund, uniq_natasha, uniq_eustachio
D:5:      layout_loops_ring, minivault_14, uniq_edmund, uniq_blork_the_orc
D:6:      layout_layer_cave, uniq_pikel
D:7:      layout_gridville, uniq_prince_ribbit1
Temple:   regret_index_temple_mists

Skill      XL: |  1  2  3  4  5  6  7  8  9 |
---------------+----------------------------+-----
Axes           | 3 4 5 6 7 9 |  9.7
Fighting       | 4 5 6 7 9 |  9.3
Shields        | 4 5 6 8 |  8.5
Armour         | 4 5 6 8 |  8.5

Action                   |  1- 3 |  4- 6 |  7- 9 | 10-12 || total
-------------------------+-------+-------+-------+-------++-------
Melee: War axe           |   123 |    74 |   170 |    14 ||   381
Throw: Javelin           |     6 |       |       |       ||     6
  Use: Scroll            |       |       |    11 |       ||    11
       Potion            |       |       |       |     1 ||     1
Armor: Scale mail        |    87 |       |       |       ||    87
       Chain mail        |       |    48 |    93 |     6 ||   147
Dodge: Dodged            |    62 |    31 |    61 |    10 ||   164
Block: Buckler           |    35 |     5 |    44 |     6 ||    90

Table legend: (Time is in decaauts)
 A = Elapsed time spent in this place.
 B = Non-inter-level travel time spent in this place.
 C = Inter-level travel time spent in this place.
 D = Time resting spent in this place.
 E = Time spent auto-exploring this place.
 F = Levels seen in this place.
 G = Mean time per level.
                   A        B        C        D        E       F      G
               +--------+--------+--------+--------+--------+-----+--------+
         Total |   8117 |   7717 |    400 |   1814 |   4852 |   8 | 1014.6 |
       Dungeon |   7906 |   7530 |    376 |   1814 |   4713 |   7 | 1129.4 |
        Temple |    211 |    187 |     24 |      0 |    139 |   1 |  211.0 |
               +--------+--------+--------+--------+--------+-----+--------+

Top non-repeatable levels by time:
     D:4: 2071 daAuts
     D:6: 1856 daAuts
     D:1: 912 daAuts
     D:3: 899 daAuts
     D:2: 895 daAuts
     D:5: 758 daAuts
     D:7: 513 daAuts
  Temple: 211 daAuts
